PL
BOSTON PATRIOTS @ CHICAGO GOLD SOX
08/30/2030
 
TOP OF THE 1ST
Boston Patriots batting - Pitching for Chicago Gold Sox : LHP Keisuke Nishida
Pitching: LHP Keisuke Nishida
Batting: RHB Terry Armstrong 0-0: Ball
1-0: Foul Ball, location: 2F
1-1: Ground out 6-3 (Groundball, 6S)
Batting: RHB António Padilla 0-0: Ball
1-0: Ball
2-0: Foul Ball, location: 2F
2-1: Foul Ball, location: 2F
2-2: Fly out, F8 (Flyball, 8RD)
Batting: RHB Miguel Márquez 0-0: Called Strike
0-1: Swinging Strike
0-2: Foul Ball, location: 2F
0-2: Ball
1-2: Foul Ball, location: 2F
1-2: Ball
2-2: Strikes out swinging
Top of the 1st over - 0 runs, 0 hits, 0 errors, 0 left on base; Boston 0 - Chicago 0
BOTTOM OF THE 1ST
Chicago Gold Sox batting - Pitching for Boston Patriots : RHP John Kaufman
Pitching: RHP John Kaufman
Batting: LHB Stanley Belote 0-0: Ball
1-0: Ball
2-0: DOUBLE (Groundball, 3L)
Batting: LHB Naohiro Sakai 0-0: Called Strike
0-1: Ground out U3 (Groundball, 34)
Stanley Belote to third
Batting: SHB Lupo Cotto 0-0: Ball
1-0: Ball
2-0: Ball
3-0: Base on Balls
Batting: RHB Manuel Guillama 0-0: Ball
1-0: SINGLE (Line Drive, 7LS)
Stanley Belote scores
Lupo Cotto to second
Batting: RHB Hirohisa Ogasawara 0-0: Ball
1-0: Ball
2-0: Fly out, F9 (Flyball, 9D)
Runner from 2nd tags up, SAFE at 3rd, no throw
Batting: LHB Sergio Rodríguez 0-0: Ball
1-0: Ball
2-0: Fly out, F7 (Flyball, 7LDF)
Bottom of the 1st over - 1 run, 2 hits, 0 errors, 2 left on base; Boston 0 - Chicago 1
TOP OF THE 2ND
Boston Patriots batting - Pitching for Chicago Gold Sox : LHP Keisuke Nishida
Batting: RHB Omer Yurtseven 0-0: Called Strike
0-1: Swinging Strike
0-2: Foul Ball, location: 2F
0-2: Ball
1-2: Strikes out looking
Batting: LHB Jorge Alejándrez 0-0: Called Strike
0-1: Called Strike
0-2: SINGLE (Groundball, 34D)
Batting: SHB Jorge Velázquez 0-0: Called Strike
0-1: Fly out, F9 (Flyball, 9S)
Batting: RHB Karl Schultz 0-0: Ball
1-0: Called Strike
1-1: Ground out 5-3 (Groundball, 5S)
Top of the 2nd over - 0 runs, 1 hit, 0 errors, 1 left on base; Boston 0 - Chicago 1
BOTTOM OF THE 2ND
Chicago Gold Sox batting - Pitching for Boston Patriots : RHP John Kaufman
Batting: SHB Alex Mable 0-0: Swinging Strike
0-1: SINGLE (Line Drive, 8RS)
Batting: RHB Zeus Preckwinkle 0-0: Ball
1-0: Called Strike
1-1: Called Strike
1-2: Ball
2-2: Grounds into double play, 4-6-3 (Groundball, 4M)
Batting: LHB Arthur Ryan 0-0: Ball
1-0: Swinging Strike
1-1: Ground out 5-3 (Groundball, 56S)
Bottom of the 2nd over - 0 runs, 1 hit, 0 errors, 0 left on base; Boston 0 - Chicago 1
TOP OF THE 3RD
Boston Patriots batting - Pitching for Chicago Gold Sox : LHP Keisuke Nishida
Batting: LHB José Marín 0-0: Swinging Strike
0-1: Ball
1-1: Called Strike
1-2: Ball
2-2: Strikes out looking
Batting: RHB Francisco Agámez 0-0: Called Strike
0-1: Ground out 5-3 (Groundball, 5)
Batting: RHB Terry Armstrong 0-0: Called Strike
0-1: Swinging Strike
0-2: Ball
1-2: Ball
2-2: Reached on error, E6 (Groundball, 6)
Batting: RHB António Padilla 0-0: Fly out, F5 (Line Drive, 5L)
Top of the 3rd over - 0 runs, 0 hits, 1 error, 1 left on base; Boston 0 - Chicago 1
BOTTOM OF THE 3RD
Chicago Gold Sox batting - Pitching for Boston Patriots : RHP John Kaufman
Batting: LHB Stanley Belote 0-0: Ball
1-0: Called Strike
1-1: DOUBLE (Line Drive, 9LM)
Batting: LHB Naohiro Sakai 0-0: Ball
1-0: Ground out 4-3 (Groundball, 4)
Stanley Belote to third
Batting: SHB Lupo Cotto 0-0: Swinging Strike
0-1: Ball
1-1: Called Strike
1-2: Strikes out swinging
Batting: RHB Manuel Guillama 0-0: Ball
1-0: Swinging Strike
1-1: Foul Ball, location: 2F
1-2: Ball
2-2: Ball
3-2: Foul Ball, location: 2F
3-2: Strikes out swinging
Bottom of the 3rd over - 0 runs, 1 hit, 0 errors, 1 left on base; Boston 0 - Chicago 1
TOP OF THE 4TH
Boston Patriots batting - Pitching for Chicago Gold Sox : LHP Keisuke Nishida
Batting: RHB Miguel Márquez 0-0: Called Strike
0-1: Ball
1-1: Ground out 5-3 (Groundball, 5)
Batting: RHB Omer Yurtseven 0-0: Ball
1-0: Foul Ball, location: 2F
1-1: Ground out 6-3 (Groundball, 6)
Batting: LHB Jorge Alejándrez 0-0: Fly out, F7 (Flyball, 78M)
Top of the 4th over - 0 runs, 0 hits, 0 errors, 0 left on base; Boston 0 - Chicago 1
BOTTOM OF THE 4TH
Chicago Gold Sox batting - Pitching for Boston Patriots : RHP John Kaufman
Batting: RHB Hirohisa Ogasawara 0-0: Ball
1-0: Foul Ball, location: 2F
1-1: Foul Ball, location: 2F
1-2: Strikes out swinging
Batting: LHB Sergio Rodríguez 0-0: Ball
1-0: Called Strike
1-1: SOLO HOME RUN (Flyball, 9D), Distance : 385 ft
Batting: SHB Alex Mable 0-0: Bunt for hit - play at first, batter OUT! 3-4
Batting: RHB Zeus Preckwinkle 0-0: Ball
1-0: Ball
2-0: Foul Ball, location: 2F
2-1: Ground out 6-3 (Groundball, 6)
Bottom of the 4th over - 1 run, 1 hit, 0 errors, 0 left on base; Boston 0 - Chicago 2
TOP OF THE 5TH
Boston Patriots batting - Pitching for Chicago Gold Sox : LHP Keisuke Nishida
Batting: SHB Jorge Velázquez 0-0: SINGLE (Groundball, 56D)
Batting: RHB Karl Schultz 0-0: Ball
1-0: Called Strike
1-1: Ball
2-1: Called Strike
2-2: Strikes out looking
Batting: LHB José Marín 0-0: Fly out, F9 (Flyball, 89M)
Batting: RHB Francisco Agámez 0-0: Fielders Choice at 2nd, 6-4 (Groundball, 6)
Top of the 5th over - 0 runs, 1 hit, 0 errors, 1 left on base; Boston 0 - Chicago 2
BOTTOM OF THE 5TH
Chicago Gold Sox batting - Pitching for Boston Patriots : RHP John Kaufman
Batting: LHB Arthur Ryan 0-0: Foul Ball, location: 2F
0-1: Foul Ball, location: 2F
0-2: Ball
1-2: Ball
2-2: Foul Ball, location: 2F
2-2: Foul Ball, location: 2F
2-2: Ball
3-2: Ground out 6-3 (Groundball, 6)
Batting: LHB Stanley Belote 0-0: Called Strike
0-1: Ground out 6-3 (Groundball, 4M)
Batting: LHB Naohiro Sakai 0-0: Ground out 4-3 (Groundball, 4)
Bottom of the 5th over - 0 runs, 0 hits, 0 errors, 0 left on base; Boston 0 - Chicago 2
TOP OF THE 6TH
Boston Patriots batting - Pitching for Chicago Gold Sox : LHP Keisuke Nishida
Batting: RHB Terry Armstrong 0-0: Called Strike
0-1: Ball
1-1: Fly out, F8 (Flyball, 8LXD)
Batting: RHB António Padilla 0-0: Called Strike
0-1: Ball
1-1: Called Strike
1-2: Ball
2-2: Ball
3-2: Ground out 6-3 (Groundball, 56)
Batting: RHB Miguel Márquez 0-0: Called Strike
0-1: Ball
1-1: Ball
2-1: Foul Ball, location: 2F
2-2: Foul Ball, location: 2F
2-2: SINGLE (Groundball, 6MD)
Batting: RHB Omer Yurtseven 0-0: Ball
Miguel Márquez steals 2nd base
1-0: Ball
Wild Pitch!
Miguel Márquez to third
2-0: Ground out 1-3 (Groundball, 13S)
Top of the 6th over - 0 runs, 1 hit, 0 errors, 1 left on base; Boston 0 - Chicago 2
BOTTOM OF THE 6TH
Chicago Gold Sox batting - Pitching for Boston Patriots : RHP John Kaufman
Batting: SHB Lupo Cotto 0-0: Called Strike
0-1: Ball
1-1: Called Strike
1-2: Foul Ball, location: 2F
1-2: Foul Ball, location: 2F
1-2: Ball
2-2: Ball
3-2: DOUBLE (Flyball, 8RXD)
Batting: RHB Manuel Guillama 0-0: Intentional Walk
Batting: RHB Hirohisa Ogasawara 0-0: Ball
1-0: Ball
2-0: Swinging Strike
2-1: Fly out, F8 (Flyball, 8RXD)
Runner from 2nd tags up, SAFE at 3rd, no throw
Batting: LHB Sergio Rodríguez 0-0: Ball
1-0: Ball
2-0: Foul Ball, location: 2F
2-1: Ground out U3 (Groundball, 3)
Manuel Guillama to second
Batting: SHB Alex Mable 0-0: Ball
1-0: Ball
2-0: Ball
3-0: Called Strike
3-1: Ground out 1-3 (Groundball, P)
Bottom of the 6th over - 0 runs, 1 hit, 0 errors, 2 left on base; Boston 0 - Chicago 2
TOP OF THE 7TH
Boston Patriots batting - Pitching for Chicago Gold Sox : LHP Keisuke Nishida
Batting: LHB Jorge Alejándrez 0-0: DOUBLE (Flyball, 8RXD)
Batting: SHB Jorge Velázquez 0-0: Ball
1-0: Ball
Wild Pitch!
Jorge Alejándrez to third
2-0: Ball
3-0: Called Strike
3-1: Called Strike
3-2: DOUBLE (Line Drive, 7LD)
Jorge Alejándrez scores
Batting: RHB Karl Schultz 0-0: Ball
1-0: Foul Ball, location: 2F
1-1: Ball
2-1: SINGLE (Groundball, 56D)
Jorge Velázquez to third
Batting: LHB José Marín 0-0: Ground out 4-3 (Groundball, 34)
Karl Schultz to second
Batting: RHB Francisco Agámez 0-0: Ball
1-0: Swinging Strike
1-1: Ball
2-1: Ball
3-1: Foul Ball, location: 2F
3-2: Strikes out looking
Batting: RHB Terry Armstrong 0-0: Ball
1-0: Swinging Strike
1-1: Called Strike
1-2: Ball
2-2: Foul Ball, location: 2F
2-2: Ball
3-2: Fly out, F3 (Popup, 3)
Top of the 7th over - 1 run, 3 hits, 0 errors, 2 left on base; Boston 1 - Chicago 2
BOTTOM OF THE 7TH
Chicago Gold Sox batting - Pitching for Boston Patriots : RHP John Kaufman
Batting: RHB Zeus Preckwinkle 0-0: SINGLE (Groundball, 5S) (infield hit)
Batting: LHB Arthur Ryan 0-0: Called Strike
0-1: Hit by Pitch
Zeus Preckwinkle to second
Batting: LHB Stanley Belote 0-0: Fly out, F9 (Flyball, 9LSF)
Batting: LHB Naohiro Sakai 0-0: Called Strike
0-1: Foul Ball, location: 2F
0-2: Ball
1-2: Ball
2-2: Fly out, F7 (Flyball, 78S)
Pitching: RHP Rick Converse
Batting: SHB Lupo Cotto 0-0: Ball
1-0: Ground out 4-3 (Groundball, 34D)
Bottom of the 7th over - 0 runs, 1 hit, 0 errors, 2 left on base; Boston 1 - Chicago 2
TOP OF THE 8TH
Boston Patriots batting - Pitching for Chicago Gold Sox : LHP Keisuke Nishida
Batting: RHB António Padilla 0-0: Called Strike
0-1: Ball
1-1: DOUBLE (Line Drive, 78D)
Batting: RHB Miguel Márquez 0-0: Called Strike
0-1: Ball
1-1: Ball
2-1: SINGLE (Line Drive, 8RS)
António Padilla to third
Batting: RHB Omer Yurtseven 0-0: SINGLE (Groundball, 34D)
António Padilla scores
Miguel Márquez to second
Runner from 2nd tries for 3rd, SAFE, no throw
Pitching: RHP Tom McKee
Batting: LHB Jorge Alejándrez 0-0: Called Strike
0-1: Fly out, F8 (Flyball, 78D)
Runner from 3rd tags up, OUT at HOME
Omer Yurtseven to second
Batting: SHB Jorge Velázquez 0-0: Ball
1-0: SINGLE (Line Drive, 3L)
Omer Yurtseven to third
Runner from 3rd tries for Home, SAFE, no throw
Batting: RHB Karl Schultz 0-0: Called Strike
0-1: Ball
1-1: Fly out, F6 (Line Drive, 6)
Top of the 8th over - 2 runs, 4 hits, 0 errors, 1 left on base; Boston 3 - Chicago 2
BOTTOM OF THE 8TH
Chicago Gold Sox batting - Pitching for Boston Patriots : RHP Rick Converse
Batting: RHB Manuel Guillama 0-0: Ground out 4-3 (Groundball, 34)
Batting: RHB Hirohisa Ogasawara 0-0: Ball
1-0: Called Strike
1-1: Foul Ball, location: 2F
1-2: SOLO HOME RUN (Flyball, 7LD), Distance : 361 ft
Batting: LHB Sergio Rodríguez 0-0: Ground out 6-3 (Groundball, 6)
Batting: SHB Alex Mable 0-0: Ground out 4-3 (Groundball, 4S)
Bottom of the 8th over - 1 run, 1 hit, 0 errors, 0 left on base; Boston 3 - Chicago 3
TOP OF THE 9TH
Boston Patriots batting - Pitching for Chicago Gold Sox : RHP Tom McKee
Batting: LHB José Marín 0-0: Called Strike
0-1: Ball
1-1: Called Strike
1-2: Ball
2-2: Strikes out swinging
Pinch Hitting: LHB Timmy Appeldoorn 0-0: Ball
1-0: Ball
2-0: Called Strike
2-1: Foul Ball, location: 2F
2-2: Fly out, F9 (Flyball, 89M)
Batting: RHB Terry Armstrong 0-0: Called Strike
0-1: Ball
1-1: Called Strike
1-2: Ball
2-2: Ball
3-2: Ground out 6-3 (Groundball, 6S)
Top of the 9th over - 0 runs, 0 hits, 0 errors, 0 left on base; Boston 3 - Chicago 3
BOTTOM OF THE 9TH
Chicago Gold Sox batting - Pitching for Boston Patriots : RHP Rick Converse
Now in CF: Ramón Félix
Batting: RHB Zeus Preckwinkle 0-0: Called Strike
0-1: DOUBLE (Line Drive, 7D)
Batting: LHB Arthur Ryan 0-0: Called Strike
0-1: Ball
Zeus Preckwinkle steals 3rd base
1-1: Swinging Strike
1-2: Strikes out looking
Batting: LHB Stanley Belote 0-0: Intentional Walk
Batting: LHB Naohiro Sakai 0-0: Ball
1-0: Swinging Strike
1-1: Ball
2-1: DOUBLE (Flyball, 8LXD)
Zeus Preckwinkle scores
Sunday, March 18th, 2018 - OOTP Baseball 18.8 Build 76